 Dungeon Crawl Stone Soup version 0.22-a0-21-g9421e3f (console) character file.

287 puck the Shield-Bearer (level 6, -8/43 HPs)
             Began as a Halfling Fighter on Jan 2, 2018.
             Killed by divine providence
             ... invoked by an orc priest
              (15 damage)
             ... on level 4 of the Dungeon.
             The game lasted 00:26:27 (3576 turns).

puck the Shield-Bearer (Halfling Fighter)           Turns: 3576, Time: 00:26:28

Health: -8/43      AC:  8    Str: 19    XL:     6   Next: 56%
Magic:  6/6        EV:  9    Int:  6    God:
Gold:   143        SH: 10    Dex: 14    Spells: 5/5 levels left

rFire    . . .     SeeInvis .   a - +0 war axe
rCold    . . .     Gourm    .   c - +0 shield
rNeg     . . .     Faith    .   e - +0 scale mail
rPois    .         Spirit   .   (no helmet)
rElec    .         Reflect  .   g - +0 cloak
rCorr    .         Harm     .   (no gloves)
MR       .....                  (no boots)
Stlth    ..........             (no amulet)
HPRegen  0.14/turn              (no ring)
MPRegen  0.10/turn              (no ring)

@: no status effects
A: small, mutation resistance 1
a: no special abilities


You were on level 4 of the Dungeon.
You were not hungry.

You visited 1 branch of the dungeon, and saw 4 of its levels.

You collected 143 gold pieces.

Inventory:

Hand Weapons
 a - a +0 war axe (weapon)
 b - a +0 hunting sling
Missiles
 j - 135 stones (quivered)
Armour
 c - a +0 shield (worn)
 e - a +0 scale mail (worn)
 g - a +0 cloak (worn)
Jewellery
 m - a cursed ring of loudness {unknown}
Wands
 r - a wand of random effects (26)
Scrolls
 h - 3 scrolls of remove curse {unknown}
 l - 3 scrolls of teleportation {unknown}
 s - a scroll of identify {unknown}
Potions
 d - a potion of might
 i - a potion of haste {unknown}
 k - a potion of flight {unknown}
 n - a potion of heal wounds {unknown}
 p - a potion of cancellation {unknown}
 q - a potion of agility {unknown}
Comestibles
 f - 3 rations
 o - 2 chunks of flesh


   Skills:
 * Level 3.8 Fighting
 * Level 3.8 Axes
 * Level 2.6 Slings
 + Level 4.2 Armour
 + Level 4.3 Shields


You had 5 spell levels left.
You didn't know any spells.

Dungeon Overview and Level Annotations

Branches:
Dungeon (4/15)
 Temple: D:4-7

Altars:


Innate Abilities, Weirdness & Mutations

You are small and have problems with some larger weapons.
You are somewhat resistant to further mutation.


Message History

Your scale mail prevents you from hitting the orc.
The orc is heavily wounded.
Your shield and scale mail prevent you from hitting the orc priest.
The orc priest hits you but does no damage.
The orc barely misses you.
You hit the orc.
You kill the orc!
You slash the orc priest!
The orc priest calls down the wrath of Beogh upon you.
Pain shoots through your body!
* * * LOW HITPOINT WARNING * * *
The orc priest hits you but does no damage.
You closely miss the orc priest.
The orc priest is severely wounded.
You block the orc priest's attack.
You slash the orc priest!
The orc priest is almost dead.
The orc priest invokes the aid of Beogh against you.
Beogh smites you!
You die...

..(....((...▒
....((.......▒
.....().......▒
...............▒
...(....(......▒
....(...(.)o...▒
......(..()@...▒
...(....[(.(...▒
............(..▒
........)......▒
.......<.......▒
.................
..................
▒▒▒▒▒▒▒▒▒....▒....
▒.▒▒▒▒.... ▒.▒ ▒▒
.. ▒


You could see an orc priest.

Vanquished Creatures
  The ghost of adept the Vexing, a weakling GnAM (D:3)
  An orc priest (D:4)
  Crazy Yiuf (D:2)
  An orc wizard (D:4)
  Terence (D:2)
  An adder (D:3)
  3 worms
  3 dart slugs
  4 leopard geckos
  20 orcs
  12 bats
  5 giant cockroaches
  5 goblins
  8 hobgoblins
  4 jackals (D:2)
  7 kobolds
  3 frilled lizards
  8 rats
  A fungus (D:2)
89 creatures vanquished.

Notes
Turn   | Place    | Note
-------+----------+-------------------------------------------
     0 | D:1      | puck the Halfling Fighter began the quest for the Orb.
     0 | D:1      | Reached XP level 1. HP: 15/15 MP: 1/1
   306 | D:1      | Reached XP level 2. HP: 20/20 MP: 2/2
   725 | D:1      | Reached XP level 3. HP: 24/25 MP: 3/3
  1414 | D:2      | Noticed Terence
  1424 | D:2      | Killed Terence
  1424 | D:2      | Reached XP level 4. HP: 25/31 MP: 4/4
  1951 | D:2      | Found a runed door.
  2482 | D:2      | Noticed Crazy Yiuf
  2492 | D:2      | Killed Crazy Yiuf
  2492 | D:2      | Reached skill level 1 in Slings
  2492 | D:2      | Reached XP level 5. HP: 35/36 MP: 5/5
  2760 | D:3      | Noticed adept's ghost (weakling GnAM)
  2797 | D:3      | Killed adept's ghost
  2968 | D:3      | Reached XP level 6. HP: 43/43 MP: 6/6
  3576 | D:4      | Killed from afar by an orc priest

Vault maps used:
D:1:      scummos_arrival_simple_fountains, minmay_tall_x
D:2:      hangedman_decor_clover_reticule, minmay_unequal, uniq_terence,
          uniq_crazy_yiuf_cottage
D:3:      minmay_goblin_kobold_house
D:4:      kennysheep_goblin_castle, first_ration

Skill      XL: |  1  2  3  4  5 |
---------------+----------------+-----
Fighting       | 3 |  3.8
Axes           | 3 |  3.8
Slings         | 1 2 |  2.6
Shields        | 4 |  4.3
Armour         | 4 |  4.2

Action                   |  1- 3 |  4- 6 || total
-------------------------+-------+-------++-------
Melee: War axe           |    88 |   113 ||   201
 Fire: Hunting sling     |    21 |   142 ||   163
Throw: Stone             |    12 |     8 ||    20
  Eat: Chunk             |     1 |     4 ||     5
       Ration            |     1 |       ||     1
Armor: Scale mail        |    40 |    56 ||    96
Dodge: Dodged            |    41 |    49 ||    90
Block: Shield            |    74 |    81 ||   155

Table legend:
 A = Spawn XP
 B = Non-spawn XP
 C = Spawn XP percentage of total XP
 D = Spawn monster count
 E = Non-spawn monster count
 F = Spawn count percentage of total count
 G = Total turns spent on level
                    A         B        C        D         E        F      G
               +---------+---------+-------+---------+---------+-------+---------
         Total |       0 |     410 |   0.0 |       0 |      88 |   0.0 |  3576
               +---------+---------+-------+---------+---------+-------+---------
           D:1 |       0 |      43 |   0.0 |       0 |      23 |   0.0 |  1393
           D:2 |       0 |     128 |   0.0 |       0 |      28 |   0.0 |  1247
           D:3 |       0 |     120 |   0.0 |       0 |      22 |   0.0 |   830
           D:4 |       0 |     119 |   0.0 |       0 |      15 |   0.0 |   106
               +---------+---------+-------+---------+---------+-------+---------
